 Dungeon Crawl Stone Soup version 0.23-a0-204-g3eb00d1 (webtiles) character file.

49 EvilAliv3 the Caller (level 3, 0/26 HPs)
             Began as a Demonspawn Wanderer on Sept 23, 2018.
             Slain by Robin
             ... wielding a +0 dagger
              (1 damage)
             ... on level 1 of the Dungeon.
             The game lasted 00:15:04 (1353 turns).

EvilAliv3 the Caller (Demonspawn Wanderer)          Turns: 1353, Time: 00:15:04

Health: 0/26       AC:  2    Str: 13    XL:     3   Next: 53%
Magic:  0/5        EV: 11    Int: 15    God:
Gold:   56         SH:  0    Dex: 10    Spells: 4/5 levels left

rFire    . . .     SeeInvis .   a - +0 whip
rCold    . . .     Gourm    .   (no shield)
rNeg     . . .     Faith    .   e - +0 robe
rPois    .         Spirit   .   (no helmet)
rElec    .         Reflect  .   (no cloak)
rCorr    .         Harm     .   (no gloves)
MR       .....                  (no boots)
Stlth    +.........             (no amulet)
HPRegen  0.08/turn              (no ring)
MPRegen  0.09/turn              (no ring)

@: lethally poisoned (0 -> -8)
A: powered by death 1
a: no special abilities


You were on level 1 of the Dungeon.
You were not hungry.

You visited 1 branch of the dungeon, and saw 2 of its levels.

You collected 56 gold pieces.

Inventory:

Hand Weapons
 a - a +0 whip (weapon)
 b - a +0 blowgun
Missiles
 c - 20 poisoned needles
Armour
 e - a +0 robe (worn)
 i - a +0 ring mail
Scrolls
 d - a scroll of enchant weapon {unknown}
 g - a scroll of remove curse {unknown}
 h - 3 scrolls of identify {unknown}
 j - a scroll of teleportation {unknown}
Potions
 l - a potion of flight {unknown}
Comestibles
 f - a ration
 k - 5 chunks of flesh


   Skills:
 + Level 1.5 Fighting
 - Level 1.0 Throwing
 + Level 1.7 Spellcasting
 * Level 3.0 Conjurations
   Level 3.0 Summonings
   Level 1.7 Air Magic
   Level 1.0 Evocations


You had 4 spell levels left.
You knew the following spells:

 Your Spells              Type           Power        Failure   Level  Hunger
a - Magic Dart            Conj           ##..         6%          1    ##.....

Your spell library contained the following spells:

 Spells                   Type           Power        Failure   Level  Hunger
 Summon Butterflies       Summ           ##......     7%          1    ##.....
 Call Imp                 Summ           ##......     10%         2    ###....
 Blink                    Tloc           N/A          34%         2    ###....
 Slow                     Hex            #.......     34%         2    ###....
 Mephitic Cloud           Conj/Pois/Air  #.......     34%         3    ####...
 Conjure Flame            Conj/Fire      #.......     36%         3    ####...
 Summon Guardian Golem    Hex/Summ       #.......     36%         3    ####...


Dungeon Overview and Level Annotations

Branches:
Dungeon (2/15)

Altars:
Vehumet
Xom

Annotations:
D:1 Robin
D:2 Sigmund


Innate Abilities, Weirdness & Mutations

You regenerate a little health from kills.


Message History

The magic dart hits the adder.
The adder bites you.
* * * LOW HITPOINT WARNING * * *
You are poisoned.
The adder poisons you! Robin hits you with a dagger.
* * * LOW HITPOINT WARNING * * *
The adder closely misses you.
Casting: Magic Dart (safe; 6% risk of failure)
Confirm with . or Enter, or press ? or * to list all spells.
You don't have enough magic to cast that spell.
Unknown command.
You barely miss the adder.
* * * LOW HITPOINT WARNING * * *
You feel sick. The adder misses you. Robin closely misses you.
You hit the adder.
The adder is lightly wounded.
The adder bites you.
* * * LOW HITPOINT WARNING * * *
You are more poisoned.
The adder poisons you! Robin hits you with a dagger.
You die...

##......).# ######.### #.#
##### #.# #.... #.# #.###
#.# #.# # ####### #.#
####.### #
#.....#######.## #.......
# #.......S@##...##
#.##.##. ##
#..##.###g#.....# #.##.##.
.## #..##.#
#.##...####.##.... #.##
#..##.###.###.####...####.
##.#
#..##.........).......#...
#.##
#..######.###.####...##.#.
.## #......##.###'##
##.###.#. ####
##.###.##.##...## ### #.#.
...# #........#.....##
#.#.


You could see Robin and an adder.

Vanquished Creatures
  An ooze (D:1)
  3 dart slugs (D:1)
  5 bats (D:1)
  11 goblins
  6 hobgoblins (D:1)
  3 frilled lizards (D:1)
  4 kobolds (D:1)
  3 rats (D:1)
36 creatures vanquished.

Notes
Turn   | Place    | Note
-------+----------+-------------------------------------------
     0 | D:1      | EvilAliv3 the Demonspawn Wanderer began the quest for the
                  | Orb.
     0 | D:1      | EvilAliv3 set off with: 9 poisoned needles, a +0 blowgun, a
                  | +0 robe, a ration
     0 | D:1      | Reached XP level 1. HP: 13/13 MP: 2/2
   214 | D:1      | Found a shimmering altar of Xom.
   229 | D:1      | Upgraded the game from 0.23-a0-183-gf37f6fb to
                  | 0.23-a0-204-g3eb00d1
   231 | D:1      | Learned a level 1 spell: Magic Dart
   390 | D:1      | Gained mutation: You regenerate a little health from kills.
                  | [demonic ancestry]
   390 | D:1      | Reached XP level 2. HP: 16/20 MP: 0/3
   437 | D:1      | Reached skill level 1 in Fighting
   793 | D:1      | Reached XP level 3. HP: 26/26 MP: 2/5
  1110 | D:2      | Noticed Sigmund
  1189 | D:2      | Found a radiant altar of Vehumet.
  1189 | D:2      | Noticed Robin
  1353 | D:1      | HP: 1/26 [adder (2)]
  1353 | D:1      | Slain by Robin

Vault maps used:
D:1:      elethiomel_arrival_maze, xom_teletrap_fun
D:2:      lemuel_crystal_altar, lemuel_coloured_pillars_altar, first_ration,
          minmay_misc_feat_iff, uniq_robin, uniq_sigmund

Skill      XL: |  1  2  3 |
---------------+----------+-----
Fighting       | 1 |  1.5
Conjurations   | 3 |  3.0
Throwing       | |  1.0
Spellcasting   | |  1.7
Summonings     | |  3.0
Air Magic      | |  1.7
Evocations     | |  1.0

Action                   || total
-------------------------++-------
Melee: Whip              ||    49
 Fire: Blowgun           ||    38
 Cast: Magic Dart        ||    45
 Stab: Sleeping          ||     2
  Eat: Chunk             ||     3
Armor: Robe              ||    20
Dodge: Dodged            ||    52

Table legend:
 A = Non-vault XP
 B = Vault XP
 C = Vault XP percentage of total XP
 D = Non-vault monster count
 E = Vault monster count
 F = Vault count percentage of total count
                 A         B        C        D         E       F
            +---------+---------+-------+---------+---------+-------
      Total |      56 |      15 |  21.1 |      28 |       8 |  22.2
            +---------+---------+-------+---------+---------+-------
        D:1 |      56 |      14 |  20.0 |      28 |       7 |  20.0
        D:2 |       0 |       1 | 100.0 |       0 |       1 | 100.0
            +---------+---------+-------+---------+---------+-------
